 Dungeon Crawl Stone Soup version 0.16.1-25-gbcee3f8 (webtiles) character file.

2602 fungee the Fighter (level 9, -10/124 HPs)
             Began as a Hill Orc Fighter on May 17, 2015.
             Was a Believer of Beogh.
             Mangled by a white ugly thing (15 damage)
             ... on level 7 of the Dungeon.
             The game lasted 00:18:49 (7488 turns).

fungee the Fighter (Hill Orc Fighter)               Turns: 7488, Time: 00:18:50

Health: -10/124    AC: 12    Str: 30    XL:     9   Next: 59%
Magic:  9/9        EV: 10    Int:  6    God:    Beogh [**....]
Gold:   95         SH:  0    Dex: 10    Spells: 1 memorised, 4 levels left

rFire  . . .     SeeInvis .     a - +0 trident
rCold  . . .     Clarity  .     I - +5 ring mail of Reason {MR+ MP-9 Str+6 Int-5 Stlth+}
rNeg   . . .     SustAb   +     (no shield)
rPois  .         Gourm    .     j - +1 hat {MR+}
rElec  .         Spirit   .     (no cloak)
rCorr  .         Warding  .     (no gloves)
rMut   .         Stasis   .     (no boots)
MR     ++...                    (no amulet)
Stlth  ..........               z - ring of magical power
                                Q - ring of sustain abilities

@: berserking (expiring), very quick, very resistant to hostile enchantments,
extremely unstealthy
A: no striking features
a: Smiting, Renounce Religion


You were on level 7 of the Dungeon.
You worshipped Beogh.
Beogh was pleased with you.
You were hungry.

You visited 1 branch of the dungeon, and saw 7 of its levels.

You collected 315 gold pieces.
You spent 220 gold pieces at shops.

Inventory:

Hand weapons
 a - a +0 trident (weapon)
 L - a +0 blowgun
 N - a +0 shortbow of flaming
Missiles
 p - 151 arrows
 w - 5 steel tomahawks (quivered)
 H - 18 poisoned needles
Armour
 b - a +0 scale mail
 c - a +0 shield
 j - a +1 hat of magic resistance (worn)
 m - a +0 chain mail
 y - a +2 ring mail of cold resistance
 I - the +5 ring mail of Reason (worn) {MR+ MP-9 Str+6 Int-5 Stlth+}
   (You found it on level 4 of the Dungeon)

   It affects your strength (+6).
   It affects your intelligence (-5).
   It affects your resistance to hostile enchantments.
   It affects your magic capacity (-9).
   It makes you more stealthy.
Jewellery
 z - a ring of magical power (right hand)
 Q - a ring of sustain abilities (left hand)
Magical devices
 n - a wand of confusion (32)
 t - a wand of frost (18)
 O - a wand of flame (22)
Scrolls
 g - a scroll of enchant armour
 h - 6 scrolls of remove curse
 l - 2 scrolls of blinking
 o - 6 scrolls of identify
 v - a scroll of teleportation
 G - a scroll of amnesia
Potions
 e - 2 potions of lignification
 f - a potion of cure mutation
 s - 3 potions of heal wounds
Books
 q - a book of Geomancy

   Spells                             Type                      Level
   a - Sandblast                      Earth                        1
   b - Stoneskin                      Transmutation/Earth          2
   c - Passwall                       Transmutation/Earth          3
   d - Stone Arrow                    Conjuration/Earth            3
   e - Petrify                        Transmutation/Earth          4
   f - Lee's Rapid Deconstruction     Earth                        5
 D - a Fen Folio

   Spells                             Type                      Level
   a - Corpse Rot                     Necromancy                   2
   b - Stone Arrow                    Conjuration/Earth            3
   c - Leda's Liquefaction            Hexes/Earth                  4
   d - Summon Forest                  Summoning/Translocation      5
   e - Hydra Form                     Transmutation                6
   f - Summon Hydra                   Summoning                    7
 P - a book of Control

   Spells                             Type                      Level
   a - Control Teleport               Charms/Translocation         4
   b - Control Undead                 Necromancy                   4
   c - Enslavement                    Hexes                        4
   d - Metabolic Englaciation         Hexes/Ice                    5
   e - Mass Confusion                 Hexes                        6
Comestibles
 d - 2 meat rations
 i - 2 fruits
 k - 2 slices of pizza
 r - 3 bread rations
 C - a royal jelly


   Skills:
 - Level 9.2 Fighting
 - Level 8.1 Polearms
 + Level 7.1 Bows
 - Level 3.2 Armour
 - Level 3.2 Shields


You had 4 spell levels left.
You knew the following spells:

 Your Spells              Type           Power        Failure   Level  Hunger
a - Control Teleport      Chrm/Tloc      #.........   100%        4    #####..


Dungeon Overview and Level Annotations

Branches:
Dungeon (7/15)             Temple (0/1) D:6

Altars:
Ashenzari
Cheibriados
Dithmenos
Elyvilon
Fedhas
Trog
Yredelemnul
The Shining One

Shops:
D:6 ?


Message History

You hit the white ugly thing.
The white ugly thing is moderately wounded.
The white ugly thing headbutts you but does no damage.
You barely miss the white ugly thing.
The white ugly thing is moderately wounded.
You puncture the white ugly thing!
The white ugly thing is heavily wounded.
The white ugly thing closely misses you.
You hit the white ugly thing.
The white ugly thing is heavily wounded.
You puncture the white ugly thing!
The white ugly thing is severely wounded.
The white ugly thing headbutts you but does no damage.
You are feeling hungry.
You hit the white ugly thing.
The white ugly thing is severely wounded.
The white ugly thing headbutts you!
* * * LOW HITPOINT WARNING * * *
The white ugly thing freezes you!
You die...

(..# ##e# .#.# .#.#
<#.## ...e####
.......#
....##.#############
.....#.......5eu@..#
.#.#.#############.#
##.#.# #.# #5#.# #.#
##.#.# #.# .....#
#.# ###..# #.#
...>.# #.# ###..#
#####(#


You could see a white ugly thing, a deep elf mage and a shadow imp.

Vanquished Creatures
  The ghost of Ruokin the Ducker, an experienced HuMo of Elyvilon (D:6)
  A water moccasin (D:7)
  An orc warrior (D:6)
  A sky beast (D:5)
  A phantom (D:5)
  3 centaurs
  An ogre (D:6)
  2 giant frogs (D:6)
  2 scorpions
  4 wights (D:7)
  4 crimson imps
  8 hounds
  An orc priest (D:6)
  A centaur skeleton (D:5)
  2 giant frog skeletons (D:6)
  3 orc wizards
  7 worker ants
  Ijyb (D:3)
  A hound zombie (D:5)
  A gnoll (D:6)
  4 adders
  2 shadow imps
  A giant mite (D:3)
  2 worms
  3 adder skeletons
  2 oozes (D:1)
  21 orcs
  2 ball pythons
  A bat skeleton (D:4)
  19 goblins
  9 hobgoblins
  9 jackals
  5 quokkas
  11 bats
  3 giant geckos
  2 giant gecko skeletons
  7 giant newts
  A jackal skeleton (D:4)
  17 kobolds
  10 rats
177 creatures vanquished.

Vanquished Creatures (others)
  An orc priest (D:5)
  A hound (D:5)
2 creatures vanquished.

Grand Total: 179 creatures vanquished

Notes
Turn   | Place    | Note
--------------------------------------------------------------
     0 | D:1      | fungee, the Hill Orc Fighter, began the quest for the Orb.
     0 | D:1      | Reached XP level 1. HP: 19/19 MP: 1/1
    96 | D:1      | Reached XP level 2. HP: 10/26 MP: 2/2
   779 | D:2      | Reached skill level 4 in Polearms
   779 | D:2      | Reached XP level 3. HP: 20/31 MP: 3/3
   998 | D:2      | Found a white marble altar of Elyvilon.
  1038 | D:2      | Found a shadowy altar of Dithmenos.
  1070 | D:2      | Found a blossoming altar of Fedhas.
  1131 | D:2      | Found a glowing golden altar of the Shining One.
  1257 | D:2      | Reached XP level 4. HP: 39/39 MP: 4/4
  1436 | D:2      | Found a bloodstained altar of Trog.
  1851 | D:3      | Noticed Ijyb
  1863 | D:3      | Killed Ijyb
  1863 | D:3      | Reached skill level 5 in Polearms
  2311 | D:3      | Reached XP level 5. HP: 41/45 MP: 5/5
  2485 | D:4      | Reached skill level 6 in Polearms
  2685 | D:4      | Reached XP level 6. HP: 44/51 MP: 6/6
  2706 | D:4      | Reached skill level 7 in Polearms
  3148 | D:4      | Got a transparent ring mail
  3159 | D:4      | Identified the +5 ring mail of Reason {MR+ MP-9 Str+6 Int-5 Stlth+} (You found it on level 4 of the Dungeon)
  3357 | D:4      | Reached skill level 8 in Polearms
  3357 | D:4      | Reached XP level 7. HP: 51/57 MP: 0/7
  3516 | D:5      | Entered Level 5 of the Dungeon
  3572 | D:5      | Found a snail-covered altar of Cheibriados.
  3584 | D:5      | Found a shattered altar of Ashenzari.
  3958 | D:5      | Reached skill level 5 in Fighting
  4023 | D:5      | Became a worshipper of Beogh the Brigand
  4310 | D:5      | Found a basalt altar of Yredelemnul.
  4844 | D:5      | Reached XP level 8. HP: 28/73 MP: 0/8
  4921 | D:5      | Gained mutation: Your system is resistant to poisons. [mutagenic meat]
  5175 | D:6      | Found a staircase to the Ecumenical Temple.
  5193 | D:6      | Reached skill level 1 in Bows
  5213 | D:6      | Learned a level 4 spell: Control Teleport
  5238 | D:6      | Noticed Ruokin's ghost (experienced HuMo)
  5252 | D:6      | Gained mutation: You are frail (-10% HP). [potion of mutation]
  5252 | D:6      | Gained mutation: You are agile. (Dex +2) [potion of mutation]
  5253 | D:6      | Lost mutation: You are frail (-10% HP). [potion of mutation]
  5253 | D:6      | Gained mutation: You have a pair of small horns on your head. [potion of mutation]
  5253 | D:6      | Gained mutation: Scrolls take you a little longer to read. [potion of mutation]
  5256 | D:6      | Lost mutation: You have a pair of small horns on your head. [potion of cure mutation]
  5256 | D:6      | Lost mutation: Scrolls take you a little longer to read. [potion of cure mutation]
  5256 | D:6      | Lost mutation: You are agile. (Dex +2) [potion of cure mutation]
  5256 | D:6      | Lost mutation: Your system is resistant to poisons. [potion of cure mutation]
  5290 | D:6      | Killed Ruokin's ghost
  5290 | D:6      | Reached skill level 9 in Fighting
  5563 | D:6      | Reached XP level 9. HP: 81/83 MP: 0/9
  5651 | D:6      | Acquired Beogh's first power
  5651 | D:6      | Reached skill level 5 in Bows
  6028 | D:6      | Found Dyax Ast's Magic Scroll Boutique.
  6041 | D:6      | Bought a scroll of brand weapon for 220 gold pieces
  7378 | D:7      | Acquired Beogh's second power
  7430 | D:7      | Noticed a white ugly thing
  7488 | D:7      | HP: 5/124 [white ugly thing (10)]
  7488 | D:7      | Mangled by a white ugly thing

Action                   |  1- 3 |  4- 6 |  7- 9 || total
-------------------------+-------+-------+-------++-------
Melee: Trident           |   139 |   267 |   298 ||   704
 Fire: Shortbow          |       |       |   137 ||   137
       Blowgun           |       |       |    18 ||    18
Throw: Tomahawk          |       |    10 |     2 ||    12
  Use: Scroll            |     1 |       |    11 ||    12
       Potion            |       |       |    12 ||    12
 Stab: Sleeping          |       |     1 |     1 ||     2
  Eat: Chunk             |     1 |     7 |    14 ||    22
       Fruit             |       |       |     1 ||     1
